 Dungeon Crawl Stone Soup version 0.21.0-37-g46506fa5f3 (webtiles) character file.

483 DildoBatman the Shield-Bearer (level 7, 0/52 HPs)
             Began as a Formicid Enchanter on Jan 31, 2018.
             Was a Follower of Okawaru.
             Slain by a worker ant (3 damage)
             ... on level 5 of the Dungeon.
             The game lasted 00:12:19 (4273 turns).

DildoBatman the Shield-Bearer (Formicid Enchanter)  Turns: 4273, Time: 00:12:20

Health: 0/52       AC:  6    Str: 14    XL:     7   Next: 35%
Magic:  1/11       EV: 10    Int: 15    God:    Okawaru [*.....]
Gold:   130        SH:  0    Dex: 11    Spells: 7/11 levels left

rFire    . . .     SeeInvis +   a - +0 quarterstaff
rCold    . . .     Gourm    .   (no shield)
rNeg     . . .     Faith    .   m - +0 scale mail
rPois    .         Spirit   .   (helmet unavailable)
rElec    .         Reflect  .   l - scarf {repulsion}
rCorr    +         Harm     .   (no gloves)
MR       .....                  (no boots)
Stlth    +.........             (no amulet)
HPRegen  0.17/turn              n - ring of resist corrosion
MPRegen  0.12/turn              (no ring)

@: very slightly contaminated, repel missiles
A: permanent stasis, dig shafts and tunnels, four strong arms, antennae 3
a: Dig, Shaft Self, Heroism, Renounce Religion


You were on level 5 of the Dungeon.
You worshipped Okawaru.
Okawaru was aware of your devotion.
You were hungry.

You visited 2 branches of the dungeon, and saw 6 of its levels.

You collected 130 gold pieces.

Inventory:

Hand Weapons
 a - a +0 quarterstaff (weapon)
 b - a +0 dagger of holy wrath
 c - a +1 dagger
 s - a cursed +0 war axe
Armour
 f - a +0 buckler
 h - a +0 robe
 l - a scarf of repulsion (worn)
 m - a +0 scale mail (worn)
Jewellery
 n - a ring of resist corrosion (left hand)
Scrolls
 e - a scroll of identify
 j - 2 scrolls of teleportation {unknown}
 p - a scroll of fear {unknown}
 q - a scroll of enchant armour {unknown}
Potions
 g - 2 potions of curing
 i - a potion of might {unknown}
 r - a potion of heal wounds {unknown}
Books
 o - a book of Maledictions

   Spells                             Type                      Level
   a - Corona                         Hexes                        1
   b - Ensorcelled Hibernation        Hexes/Ice                    2
   c - Confuse                        Hexes                        3
   d - Tukima's Dance                 Hexes                        3
   e - Dazzling Spray                 Conjuration/Hexes            3
Comestibles
 k - 2 chunks of flesh
 v - 5 rations


   Skills:
 * Level 3.5 Fighting
 - Level 1.0 Short Blades
 * Level 2.7 Armour
 * Level 2.4 Dodging
 * Level 4.5 Stealth
 * Level 4.9 Shields
 * Level 2.7 Spellcasting
 * Level 4.1 Hexes


You had 7 spell levels left.
You knew the following spells:

 Your Spells              Type           Power        Failure   Level  Hunger
a - Corona                Hex            ##.....      16%         1    #......
b - Confuse               Hex            ##......     43%         3    ###....


Dungeon Overview and Level Annotations

Branches:
Dungeon (5/15)             Temple (1/1) D:4

Altars:
Ashenzari
Cheibriados
Dithmenos
Elyvilon
Fedhas
Gozag
Hepliaklqana
Kikubaaqudgha
Makhleb
Okawaru
Qazlal
Ru
Trog
Uskayaw
Vehumet
Wu Jian
Xom
Yredelemnul
Zin
The Shining One

Annotations:
D:1 Sigmund
D:3 hofbold's ghost, amateur FoFi
D:5 Edmund


Innate Abilities, Weirdness & Mutations

You cannot be hasted, slowed, berserked, paralysed or teleported.
You can dig through walls and to a lower floor.
Your four strong arms can wield two-handed weapons with a shield.
You have a pair of large antennae on your head. (SInv)


Message History

Confirm with . or Enter, or press ? or * to list all spells.
Aiming: Corona
Press: ? - help, Shift-Dir - straight line, f - worker ant
Aim: a worker ant (chance to defeat MR: 60%)
The worker ant is outlined in light.
The worker ant bites you but does no damage.
You hit the worker ant but do no damage.
The worker ant closely misses you. The worker ant misses you.
You sock the worker ant!
The worker ant is heavily wounded.
The worker ant misses you.
Your scale mail prevents you from hitting the worker ant.
The worker ant is heavily wounded.
The worker ant bites you but does no damage. x2
You hit the worker ant.
The worker ant is severely wounded.
You hear the rusting of a distant drain.
The worker ant bites you.
You die...

#..###...#........<..
#.###..##..####..........
#..........## ##.........
#.....##...# ##........
....## ##.## #........
.... #.## #........ ...
###..#####........
..#####......#...#
##.......#@##...### ..
#........##a##..# ...
#.......##{###..# ...
........###{#...## ##.###
........##.##....# #..##.
#......#.##.....### #..##.
#.....a.##........###..#..
#.......##................
#.......#.................


You could see a worker ant.

Vanquished Creatures
  A black bear (D:4)
  An ogre (D:4)
  A centaur (D:5)
  A howler monkey (D:5)
  A hound (D:5)
  An iguana (D:4)
  2 worker ants
  2 adders
  A shadow imp (D:5)
  An adder skeleton (D:4)
  2 worms (D:2)
  2 dart slugs (D:2)
  3 leopard geckos
  An orc (D:4)
  A ball python (D:2)
  2 giant cockroaches
  5 goblins
  4 hobgoblins
  5 jackals
  3 kobolds
  2 quokkas
  5 bats
  3 frilled lizards
  A leopard gecko zombie (D:5)
  6 rats
  A plant (D:4)
58 creatures vanquished.

Notes
Turn   | Place    | Note
-------+----------+-------------------------------------------
     0 | D:1      | DildoBatman the Formicid Enchanter began the quest for the Orb.
     0 | D:1      | Reached XP level 1. HP: 13/13 MP: 3/3
   158 | D:1      | Reached skill level 1 in Fighting
   271 | D:1      | Reached XP level 2. HP: 14/22 MP: 1/5
  1159 | D:2      | Reached XP level 3. HP: 28/28 MP: 6/6
  1164 | D:2      | Learned a level 3 spell: Confuse
  1578 | D:2      | Found a faded altar of an unknown god.
  1862 | D:2      | Noticed Sigmund
  2076 | D:3      | Found a glowing golden altar of the Shining One.
  2080 | D:3      | Found a glowing silver altar of Zin.
  2203 | D:3      | Reached XP level 4. HP: 27/35 MP: 5/7
  2321 | D:3      | Reached skill level 1 in Shields
  2322 | D:3      | Reached skill level 1 in Armour
  2406 | D:3      | Noticed hofbold's ghost (amateur FoFi)
  2515 | D:4      | Reached XP level 5. HP: 14/41 MP: 1/8
  3245 | D:4      | Noticed a black bear
  3279 | D:4      | Found a staircase to the Ecumenical Temple.
  3329 | Temple   | Entered the Ecumenical Temple
  3470 | Temple   | Became a worshipper of Warmaster Okawaru
  3504 | D:4      | Killed a black bear
  3504 | D:4      | Reached XP level 6. HP: 38/47 MP: 3/9
  3517 | D:4      | Noticed an ogre
  3525 | D:4      | Killed an ogre
  3975 | D:5      | Entered Level 5 of the Dungeon
  3994 | D:5      | Reached * piety under Okawaru
  3994 | D:5      | Reached XP level 7. HP: 10/52 MP: 5/10
  4014 | D:5      | Noticed Edmund
  4267 | D:5      | HP: 2/52 [hound (5)]
  4273 | D:5      | Slain by a worker ant

Skill      XL: |  1  2  3  4  5  6  7 |
---------------+----------------------+-----
Fighting       | 1 2 3 |  3.5
Dodging        | 2 |  2.4
Shields        | 2 4 |  4.9
Armour         | 2 |  2.7
Stealth        | 4 |  4.5
Hexes          | 4 |  4.1
Short Blades   | |  1.0
Spellcasting   | |  2.7

Action                   |  1- 3 |  4- 6 |  7- 9 || total
-------------------------+-------+-------+-------++-------
Melee: Dagger            |   116 |    27 |       ||   143
       Quarterstaff      |       |    83 |    33 ||   116
 Cast: Corona            |    21 |    13 |     8 ||    42
       Confuse           |     1 |     4 |     3 ||     8
 Abil: Dig               |     3 |       |     3 ||     6
  Use: Scroll            |     2 |       |       ||     2
       Potion            |       |       |     2 ||     2
 Stab: Sleeping          |     9 |       |       ||     9
       Confused          |       |     1 |       ||     1
  Eat: Chunk             |     5 |     6 |     2 ||    13
Armor: Robe              |    18 |       |       ||    18
       Scale mail        |       |    59 |    18 ||    77
Dodge: Dodged            |    50 |    69 |    33 ||   152
       Deflected         |       |     2 |       ||     2
